[Event "Oceania Zonal Open 2023"]
[Site "Melbourne"]
[Date "2023.01.23"]
[Round "1.12"]
[White "Lim, Jongmin"]
[Black "Rujevic, Mirko"]
[Result "0-1"]
[ECO "C56"]
[WhiteElo "1615"]
[BlackElo "2141"]
[Annotator "TA"]
[PlyCount "68"]
[EventDate "2023.01.09"]
[EventType "swiss"]
[EventCountry "AUS"]
[SourceTitle "playchess.com"]
[Source "ChessBase"]
[SourceQuality "1"]
[TimeControl "5400+30"]

1. e4 e5 2. Nf3 Nc6 3. d4 exd4 4. Bc4 Nf6 5. e5 d5 6. Bb5 Ne4 7. Nxd4 Bd7 8. Bxc6 bxc6 9. c3 {[%emt 0:00:52] [#] C56: Two Knights: 4 d4 exd4 5 0-0 Nxe4.} Qe7 $146 (9... Bc5 $15) ({Predecessor:} 9... c5 10. Nc2 Bc6 11. O-O Be7 12. f3 Ng5 13. f4 Ne4 14. f5 Bg5 15. Nd2 Bxd2 16. Bxd2 Qe7 {0-1 Prasek,I (2061)-Kalisky,V (2132) SVK-chT2B 2122 2021 (5.2)}) 10. O-O $1 $11 g6 11. Nd2 {[%emt 0:02:42] White is slightly better.} Nxd2 12. Bxd2 Bg7 13. f4 c5 14. Nf3 ({White should try} 14. f5 $1 $14 Bxe5 15. Nf3) 14... O-O 15. Be3 Bc6 {[%emt 0:07:37] Black is weak on the dark squares} (15... c6 $11) 16. Qe2 $14 Rfd8 17. Qf2 Bf8 $2 {[%emt 0:00:17] [#]} (17... d4 $1 $14 18. cxd4 Rab8) 18. f5 $1 $18 {[%emt 0:04:17][%mdl 512] aiming for Bg5.} h6 {[%emt 0:03:46] Repels Bg5} (18... d4 19. Bg5) 19. fxg6 ({Don't do} 19. f6 $6 Qe6 $18) 19... fxg6 20. Qg3 Kh7 {[%emt 0:07:32] [#]} (20... Qg7 21. Nh4 g5) 21. Ng5+ $1 hxg5 22. Bxg5 Qe8 23. Qh4+ Kg8 24. Rf3 $2 ({But not} 24. Bf6 Bg7 25. Bxg7 Kxg7 $18) (24. e6 $18 {White threatens Rf7 and mate.} Bg7 25. Bf6) 24... Rd7 $16 25. Rh3 (25. Raf1 $1 $18 {is the precise move to win. Rh3 is the strong threat.} Qxe5 26. Bf6) 25... Qxe5 {[%emt 0:00:43] [#]} 26. Bf6 {[%emt 0:01:33] Inhibits Rf7.} (26. Rf1 $1 $16 {[%cal Rf1f6] Hoping for Rf6.} Qg7 27. Bf6) 26... Qh5 $1 $11 {[%emt 0:03:21] Strongly threatening ...Qxh4.} 27. Qf2 Qf5 {[%emt 0:00:27] White must now prevent ...Qxf2+.} (27... Qg4 $2 28. Rh8+ Kf7 29. Rf1 $18) 28. Rh8+ $2 (28. Qh4 $11 {and White is okay.} Qh5 29. Qe1) 28... Kf7 $19 29. Qh4 {[%emt 0:00:08] Rf1 would be deadly.} Qxf6 (29... Bb5 $142 30. Re1 Qxf6 31. Qh7+ Qg7) 30. Rf1 Qxf1+ 31. Kxf1 {[%emt 0:00:05] [#]} Rd6 $1 ({Inferior is} 31... Bd6 32. Qh7+ Kf6 33. Qh4+ Kf7 34. Rxa8 Bxa8 35. Qh7+ Ke6 36. Qh3+ Ke7 37. Qh7+ Ke8 38. Qg8+ Bf8 39. Qe6+ Kd8 40. Qf6+ Ke8 41. Qe6+ Kd8 42. Qf6+ Ke8 43. Qe6+ $11) 32. Qg4 $2 (32. Kg1) 32... Re8 {[%emt 0:03:19] Threatens to win with ...Rf6+. Black is clearly winning.} 33. Rh3 (33. Kg1 $142 Rf6 34. Qh4) 33... d4 34. Qg3 d3 {[%emt 0:02:22] An exciting game.   Weighted Error Value: White=1.27/Black=0.62} 0-1

[Event "Oceania Zonal Open 2023"]
[Site "Melbourne"]
[Date "2023.01.24"]
[Round "2.1"]
[White "Beaumont, David"]
[Black "Kuybokarov, Temur"]
[Result "0-1"]
[ECO "D85"]
[WhiteElo "1850"]
[BlackElo "2558"]
[Annotator "TA"]
[PlyCount "46"]
[EventDate "2023.01.09"]
[EventType "swiss"]
[EventCountry "AUS"]
[SourceTitle "playchess.com"]
[Source "ChessBase"]
[SourceQuality "1"]
[TimeControl "5400+30"]

1. d4 Nf6 2. c4 g6 3. Nc3 d5 4. cxd5 Nxd5 5. e4 Nxc3 6. bxc3 Bg7 7. Be3 c5 8. Rc1 Qa5 9. Qd2 O-O 10. Nf3 Bg4 11. Be2 Nd7 12. h3 {[%emt 0:02:53] D85: Exchange Grünfeld: Unusual White 7th moves and lines with 7 Nf3.} Bxf3 13. Bxf3 Nb6 14. Be2 {[%emt 0:27:42] [#] Inhibits Nc4. Black has an edge.} Rfd8 $146 (14... Rac8 $5 15. O-O (15. dxc5 Na4 $15) 15... cxd4 16. cxd4 Qxd2 17. Bxd2 Bxd4 $15) ({Predecessor:} 14... e6 15. O-O Rfd8 16. Bg5 Rd7 17. d5 exd5 18. Bg4 Rc7 19. exd5 f5 20. Be2 Rd7 {1-0 Popov,O (1940)-Kurbanov,N (1679) Voronezh op-B 20th 2016 (9)}) 15. Rc2 ({White should try} 15. d5 $15) 15... Qa4 $17 16. d5 (16. O-O $17 {was necessary.}) 16... Qxe4 $19 17. c4 $2 {[%emt 0:09:31] [#]} (17. Bf3 {was called for.} Qc4 18. Be2 Qxd5 19. O-O) 17... Qxg2 {[%emt 0:01:32] Black is clearly winning.} 18. Rf1 e6 (18... Qxh3 $2 {perishes.} 19. Bxc5 e6 20. Qe3 $19) 19. f4 (19. d6 $142 Qc6 20. Qc1) 19... exd5 20. Rg1 Qxh3 {[%emt 0:01:28] [#] aiming for ...dxc4.} 21. Bg4 Qh4+ 22. Kf1 Nxc4 23. Rxc4 dxc4 {[%emt 0:00:06] Black took control after the opening.   Weighted Error Value: White=1.18/Black=0.08 (flawless)} 0-1

[Event "Oceania Zonal Open 2023"]
[Site "Melbourne"]
[Date "2023.01.24"]
[Round "2.2"]
[White "Zhao, Zong-Yuan"]
[Black "Sikivou, Taione"]
[Result "1-0"]
[ECO "D02"]
[WhiteElo "2488"]
[BlackElo "1840"]
[Annotator "TA"]
[PlyCount "71"]
[EventDate "2023.01.09"]
[EventType "swiss"]
[EventCountry "AUS"]
[SourceTitle "playchess.com"]
[Source "ChessBase"]
[SourceQuality "1"]
[TimeControl "5400+30"]

1. d4 d5 2. Nf3 Nf6 3. Bf4 e6 4. e3 Bd6 5. Bg3 O-O 6. Nbd2 c5 {[%emt 0:00:31] D02: 1 d4 d5 2 Nf3 sidelines, including 2...Nf6 3 g3 and 2...Nf6 3 Bf4.} 7. c3 Qc7 8. dxc5 Qxc5 {[%emt 0:00:08] The position is equal.} 9. Bd3 Nbd7 10. Qe2 Qb6 11. O-O-O {[%emt 0:04:59] [#]} e5 $146 (11... Be7 $11 {keeps the balance.}) ({Predecessor:} 11... Nc5 12. e4 Be7 13. Bc2 Bd7 14. e5 Bb5 15. Qe3 Nfd7 16. Bh4 Bxh4 17. Nxh4 Nd3+ 18. Bxd3 Qxe3 19. fxe3 Bxd3 {0-1 Yurovskich,O (2260)-Riff,J (2504) EU-ch Online 2300+ Qual 2020 (8)}) 12. e4 $16 Re8 {[%emt 0:18:51] [#]} 13. Rhe1 $1 Nc5 14. exd5 {[%emt 0:01:42] Black must now prevent Nc4.} Bg4 ({Better is} 14... Bf8) 15. Nc4 (15. Bxe5 $2 Rxe5 16. Qf1 Nxd3+ 17. Qxd3 Rxd5 $19) 15... Qc7 16. Nxd6 (16. Ncxe5 Ncd7 17. Nxd7 Rxe2 18. Nxf6+ gxf6 $16) 16... Qxd6 17. Bxe5 Qb6 (17... Nxd3+ $16 {was worth a try.} 18. Qxd3 (18. Rxd3 Qa6 $16) 18... Rxe5 19. Nxe5 (19. Rxe5 Bxf3 20. Rde1 Bxg2 $11) 19... Bxd1) 18. h3 $18 Bh5 19. g4 Bg6 20. Bxg6 hxg6 21. Qc2 a5 22. g5 Nfd7 23. Kb1 a4 24. c4 Nxe5 25. Nxe5 ({Resist} 25. Rxe5 $6 Nd7 26. Re2 (26. Rxe8+ Rxe8 27. Nd4 Nc5 $18) 26... Rxe2 27. Qxe2 Rc8 $18) 25... Qd6 26. f4 Reb8 27. f5 Re8 28. Nd3 Ne4 {[%emt 0:01:08] [#]} (28... Rxe1 {was necessary.} 29. Rxe1 Qg3) 29. c5 $1 Qxd5 30. Nf2 {[%emt 0:00:36][%mdl 64] Discovered Attack} Nd2+ 31. Qxd2 Qxf5+ 32. Nd3 Red8 33. Rf1 {[%emt 0:02:44] White is clearly winning.} Qe4 34. Qf4 Qe7 35. Rde1 Qf8 36. Ne5 {[%emt 0:00:36] Black did not feel at home in the position after the opening.   Weighted Error Value: White=0.09 (flawless) /Black=0.42} 1-0

[Event "Oceania Zonal Open 2023"]
[Site "Melbourne"]
[Date "2023.01.24"]
[Round "2.3"]
[White "Siva Sankaran, Anup Kumar"]
[Black "Sardana, Rishi"]
[Result "0-1"]
[ECO "E52"]
[WhiteElo "1846"]
[BlackElo "2459"]
[Annotator "TA"]
[PlyCount "62"]
[EventDate "2023.01.09"]
[EventType "swiss"]
[EventCountry "AUS"]
[SourceTitle "playchess.com"]
[Source "ChessBase"]
[SourceQuality "1"]
[TimeControl "5400+30"]

1. d4 Nf6 2. c4 e6 3. Nc3 Bb4 4. Bd2 O-O 5. e3 d5 6. Nf3 b6 7. Bd3 dxc4 8. Bxc4 Bb7 9. O-O Nbd7 10. Rc1 a6 {[%emt 0:02:08] E52: Nimzo-Indian: Rubinstein: 4...0-0 5 Nf3 d5 6 Bd3 b6.} 11. a3 Bd6 12. Re1 {[%emt 0:06:24] [#]} e5 $146 {[%emt 0:12:28][%cal Be6e5,Be5e4][%mdl 32] The position is equal.} ({Predecessor:} 12... c5 13. e4 cxd4 14. Nxd4 Qc7 15. Na2 Bxh2+ 16. Kh1 Nc5 17. f3 Rad8 18. Nb3 Nxb3 19. Bxb3 Qg3 20. Re3 Qh4 21. Qc2 Bg3+ 22. Kg1 Qh2+ 23. Kf1 Qh1+ {0-1 Polendik,T (1778)-Otspere,U (2304) EST-ch 47 email 2016}) 13. d5 (13. b4 $11 {keeps the balance.}) 13... e4 $17 14. Nd4 b5 15. Ba2 Ne5 16. Rc2 (16. Bb1 $11) 16... Nd3 {[%emt 0:04:54][%cal Od6h2] [#] ...Bxh2+! would be deadly.} 17. Rf1 b4 {[%emt 0:00:37] Black has more active pieces. The white rooks are badly placed.} 18. axb4 Nxb4 19. Rc1 Nxa2 (19... Nfxd5 $6 20. Bxd5 Bxd5 21. Nxd5 Nxd5 22. Nc6 $11) (19... Nbxd5 $6 20. Nxd5 Bxd5 21. Bxd5 Nxd5 22. Nc6 $11) 20. Nxa2 Nxd5 21. Nf5 {[%emt 0:01:46] Dodges Qh4} Be5 22. Qg4 {[%emt 0:03:18] Against Qg5} (22. Bc3 $17 Nxc3 23. Nxc3) 22... Qf6 {[%emt 0:02:22] Threatens to win with ...Bc8.} (22... Bxb2 23. Rb1 (23. Bc3 Bxc3 24. Nxc3 Qf6 $15) 23... Qf6 24. Rxb2 $11) 23. Qxe4 $2 {[%emt 0:04:31][%mdl 8192] [#] White does not recover from this.} (23. Ng3 $17) 23... Nc3 $1 $19 {[%emt 0:04:57][%mdl 576] Discovered Attack} 24. Qxb7 Ne2+ $40 {[%emt 0:00:27][%mdl 192] Discovered Attack, Double Attack. White is in trouble.} ({Stronger than} 24... Nxa2 25. f4 (25. Ra1 Qxf5 26. Qb3 Rfb8 $17) 25... Bd6 26. Ra1 $15) 25. Kh1 {[%emt 0:00:55] Black must now prevent Rce1.} Nxc1 ({And not} 25... Qxf5 26. Rc5 $11) 26. Ne7+ Qxe7 {[%emt 0:00:08] Black is clearly winning.} 27. Rxc1 Qf6 28. Nb4 (28. Bc3 $142 Bxc3 29. Nxc3) 28... Qxf2 29. Bc3 Bxc3 30. bxc3 Qb2 31. Rf1 a5 {[%emt 0:00:09] Weighted Error Value: White=0.57/Black=0.06 (flawless)} 0-1

[Event "Oceania Zonal Open 2023"]
[Site "Melbourne"]
[Date "2023.01.24"]
[Round "2.4"]
[White "Peramunetilleke, Seth"]
[Black "Bjelobrk, Igor"]
[Result "1/2-1/2"]
[ECO "B22"]
[WhiteElo "1841"]
[BlackElo "2405"]
[Annotator "TA"]
[PlyCount "90"]
[EventDate "2023.01.09"]
[EventType "swiss"]
[EventCountry "AUS"]
[SourceTitle "playchess.com"]
[Source "ChessBase"]
[SourceQuality "1"]
[TimeControl "5400+30"]

1. e4 c5 2. c3 Nf6 3. e5 Nd5 4. d4 cxd4 5. Nf3 e6 6. cxd4 d6 7. a3 Bd7 8. Bd3 Bc6 9. O-O Nd7 10. Re1 Rc8 11. Bd2 {[%emt 0:01:25] B22: Sicilian: 2 c3.} dxe5 12. dxe5 {[%emt 0:10:21] [#]} Nc5 $146 ({Predecessor:} 12... Be7 13. Nd4 O-O 14. Nxc6 Rxc6 15. Nc3 Nc5 16. Bc2 Nxc3 17. Bxc3 Qxd1 18. Raxd1 Rcc8 {1-0 Mikadze,M (2255)-Zaritovskaja,M (1731) Olympiad Women-43 2018 (2.6)}) 13. Bc2 {[%emt 0:01:13] The position is equal.} Nb6 14. b4 Nca4 (14... Nd3 $5 15. Bg5 Bxf3 16. Bxd3 Bxd1 17. Bxd8 Rxd8 18. Rxd1 Ke7 $11) 15. Be3 Qxd1 16. Bxd1 Be7 17. Nbd2 O-O 18. Rc1 Rfd8 19. Nd4 Bd5 20. Bb3 Nc3 21. Kf1 Bxb3 22. N4xb3 Nbd5 23. Bxa7 (23. Bc5 $1 $15) 23... b6 $1 $17 24. Nd4 {[%emt 0:02:39] Dodges Nb5} Rc7 (24... Bg5 $1 $17 25. Rc2 Rc7) 25. Ne4 $11 {[%emt 0:01:25] Threatens to win with Nxc3.} Nxe4 ({Resist} 25... Rxa7 26. Nxc3 Bg5 27. Nc6 Bxc1 28. Nxa7 $16) (25... Rdc8 $1 $11 {remains equal.} 26. Nxc3 Rxc3 27. Rxc3 Rxc3) 26. Rxc7 $16 Nd2+ {[%emt 0:00:06] [#]} 27. Ke2 $1 Nxc7 28. Nc6 Rd7 (28... Nb5 $14 29. Nxd8 (29. Nxe7+ Kf8 $17) 29... Nxa7) 29. Nxe7+ ({Not} 29. Bxb6 Nc4 30. Nxe7+ Rxe7 31. Bxc7 Rxc7 $15) 29... Kf8 30. Bxb6 Nb5 {[%emt 0:04:22] Hoping for ...Nc3+.} 31. Nc8 {[%emt 0:03:29] Bc5+ would be deadly.} Nc3+ 32. Ke3 Nc4+ 33. Kf3 {[%emt 0:00:18] And now Bc5+ would win.} Rd3+ 34. Kg4 Nxa3 35. Re3 (35. Bc5+ $142 Kg8 36. Nd6) 35... Rxe3 (35... Nc4 $16) 36. Bxe3 {[%emt 0:00:14][%mdl 4096] Endgame KBN-KNN} ({Don't do} 36. fxe3 $6 Nc4 $16) 36... Nc4 37. Bc5+ Ke8 38. Nd6+ Nxd6 39. Bxd6 $18 {[%emt 0:00:05] KB-KN} Ne4 (39... Nb5 {was called for.}) 40. Kf3 Nc3 41. Ke3 {[%emt 0:00:33] Kd4 is the strong threat.} Nb5 42. Bc5 Kd7 43. Kd3 Kc6 {[%emt 0:00:17] [#]} 44. Kc4 (44. Ke4 $142 $1) 44... Nc7 45. Bf8 g6 {[%emt 0:00:02] What a bad dream for Black.   Weighted Error Value: White=0.11 (very precise) /Black=0.19 (very precise)} 1/2-1/2

[Event "Oceania Zonal Open 2023"]
[Site "Melbourne"]
[Date "2023.01.24"]
[Round "2.5"]
[White "Lane, Gary W"]
[Black "Lane, Ryan"]
[Result "1-0"]
[ECO "C62"]
[WhiteElo "2343"]
[BlackElo "1825"]
[Annotator "TA"]
[PlyCount "43"]
[EventDate "2023.01.09"]
[EventType "swiss"]
[EventCountry "AUS"]
[SourceTitle "playchess.com"]
[Source "ChessBase"]
[SourceQuality "1"]
[TimeControl "5400+30"]

1. e4 e5 2. Nf3 Nc6 3. Bb5 d6 4. d4 exd4 5. Nxd4 Bd7 6. Nc3 Be7 7. Nf5 {[%emt 0:08:16] C62: Ruy Lopez: Steinitz Defence.} Bxf5 8. exf5 Nf6 9. Qf3 {[%emt 0:11:04] White is slightly better.} Qd7 {[%emt 0:01:24] [#]} 10. g4 $146 ({Predecessor:} 10. O-O O-O 11. Bg5 h6 12. Bh4 a6 13. Bxc6 Qxc6 14. Qxc6 bxc6 15. Rfe1 Bd8 16. Ne2 Re8 17. Nd4 Rxe1+ 18. Rxe1 c5 19. Nc6 {1-0 Majidi,A (1198)-Rostami,S (1004) IRI-ch U12 Girls 2021 (4)}) 10... h6 11. Bf4 a6 12. Ba4 b5 (12... g6 $16 {keeps fighting.}) 13. Bb3 $18 O-O 14. O-O-O Na5 15. h4 {[%emt 0:04:47] Threatens to win with g5.} c5 $2 {[%emt 0:01:25] [#]} (15... Nxb3+ $16 16. axb3 b4) 16. Bd5 b4 17. Ne4 (17. Bxa8 bxc3 18. b3 (18. bxc3 Qa4 $16) 18... Qc8 $18) 17... Nxd5 18. Rxd5 Qa4 $2 (18... Nc6 19. f6 (19. Bxd6 Bxd6 20. Rxd6 Nd4 $16) 19... Qe6) 19. Kb1 {[%emt 0:03:35] [#] Hoping for f6. White is clearly winning.} (19. Bxd6 Qxa2 20. Bxe7 Nc4 $11) 19... Rab8 20. f6 ({Less strong is} 20. Nxd6 Qc6 $18) (20. Bxd6 Bxd6 21. Nxd6 Qc6 $18) 20... b3 21. cxb3 {[%emt 0:04:05] Active counter play!} (21. fxe7 $2 {loses.} Qxa2+ 22. Kc1 Rfe8 $19) 21... Nxb3 22. fxe7 {[%emt 0:01:53] White took control after the opening.   Weighted Error Value: White=0.07 (flawless) /Black=0.52} 1-0

[Event "Oceania Zonal Open 2023"]
[Site "Melbourne"]
[Date "2023.01.24"]
[Round "2.6"]
[White "Young, Cohen"]
[Black "Liu, Yi"]
[Result "0-1"]
[ECO "C12"]
[WhiteElo "1835"]
[BlackElo "2303"]
[Annotator "TA"]
[PlyCount "72"]
[EventDate "2023.01.09"]
[EventType "swiss"]
[EventCountry "AUS"]
[SourceTitle "playchess.com"]
[Source "ChessBase"]
[SourceQuality "1"]
[TimeControl "5400+30"]

1. e4 {[%emt 0:00:01] Finkel,Alexander} e6 2. d4 d5 3. Nc3 Nf6 4. Bg5 Bb4 5. e5 h6 6. Be3 Ne4 7. Qg4 g6 8. a3 Bxc3+ 9. bxc3 Nxc3 (9... c5 {feels hotter.} 10. Bd3 h5 11. Qf4 g5) 10. Bd3 {[%emt 0:00:08] C12: French: Classical System: McCutcheon Variation.} b6 11. h4 Ba6 ({Black should try} 11... h5 $11 12. Qf3 c5) 12. h5 $14 {[%emt 0:00:43] White is slightly better.} g5 13. f4 (13. Bxa6 {simplifies} Nxa6 14. Ne2 Nxe2 15. Qxe2 Nb8 16. O-O) 13... gxf4 14. Qg7 Kd7 15. Qxf7+ Qe7 16. Qxe7+ Kxe7 17. Bxf4 {[%emt 0:00:15] [#]} c5 $146 ({Predecessor:} 17... Bxd3 18. cxd3 Kd7 19. Nf3 Nc6 20. Kd2 Nb5 21. Ke3 Raf8 22. Rhf1 Ne7 23. g4 c5 {1-0 Naiditsch,A (2657)-Stellwagen,D (2573) Corus-B Wijk aan Zee 2006 (1)}) 18. dxc5 bxc5 19. Nf3 Bxd3 20. cxd3 Nc6 (20... d4 $11 {keeps the balance.}) 21. Rc1 ({Better is} 21. Nh4 $1) 21... d4 $16 22. g4 (22. Nh4 $1 $14) 22... Rhf8 $1 $15 (22... Raf8 23. Nh4 Rxf4 24. Ng6+ Ke8 25. Nxf4 $16 (25. Nxh8 Nxe5 26. Ng6 Nxd3+ 27. Kd2 Rf3 $19)) 23. Nh4 $1 {[%emt 0:00:45] Ng6+ would be deadly.} Rxf4 24. Ng6+ Kd7 25. Nxf4 {[%emt 0:00:22] Hoping for Ng6.} Nxe5 {[%emt 0:00:03] Excellent horsemanship.} 26. Kd2 Rg8 {[%emt 0:01:02] Wards off Ng6. Black is more active.} (26... Kd6 $1 $15) 27. Ng6 $11 Nxg6 28. hxg6 Rxg6 {[%mdl 4096] Endgame KRR-KRN} 29. Rcf1 Rxg4 {[%emt 0:03:55] ...Rg2+ is the strong threat.} 30. Rxh6 $2 (30. Rfg1 $11 Rf4 31. Rf1 (31. Rxh6 Rf2+ 32. Ke1 Re2+ 33. Kf1 Re3 $17)) 30... Rg2+ $19 31. Kc1 Na2+ $2 (31... c4 $1 $19 32. Rhf6 cxd3) 32. Kd1 $11 Nc3+ $2 (32... Kd6 $11 33. Rff6 Nc3+ 34. Kc1 Na2+ 35. Kd1 Nc3+ 36. Kc1 Na2+ 37. Kd1) 33. Kc1 $19 {[%emt 0:00:13] [#]} c4 $1 34. Rf3 {[%emt 0:01:00] [#]} (34. Rh4 Kc6) 34... Na2+ $1 35. Kd1 c3 36. Rf7+ Kd6 {[%emt 0:00:04] Weighted Error Value: White=0.71/Black=0.25 (precise)} 0-1

[Event "Oceania Zonal Open 2023"]
[Site "Melbourne"]
[Date "2023.01.24"]
[Round "2.7"]
[White "Gong, Patrick"]
[Black "Poberezovsky, Daniel"]
[Result "1-0"]
[ECO "B22"]
[WhiteElo "2292"]
[BlackElo "1813"]
[Annotator "TA"]
[PlyCount "65"]
[EventDate "2023.01.09"]
[EventType "swiss"]
[EventCountry "AUS"]
[SourceTitle "playchess.com"]
[Source "ChessBase"]
[SourceQuality "1"]
[TimeControl "5400+30"]

1. e4 c5 2. Nf3 e6 3. c3 Nf6 4. e5 Nd5 5. d4 cxd4 6. cxd4 Nc6 7. Bc4 d6 8. Qe2 Be7 9. O-O O-O 10. Nc3 Nxc3 11. bxc3 dxe5 12. dxe5 Qa5 13. Rb1 {[%emt 0:00:13] [#] B22: Sicilian: 2 c3.} b6 $146 ({Predecessor:} 13... Rd8 14. Bd3 g6 15. Bf4 b6 16. Rfc1 Bb7 17. h4 Rac8 18. h5 Nb8 19. Be4 Bxe4 20. Qxe4 Qd5 21. Qxd5 Rxd5 {½-½ Matlakov,M (2688)-Mchedlishvili,M (2570) FIDE World Cup Europe Hybrid Qual 2021 (3.2)}) 14. h4 (14. Bd3 $11 g6 15. Bh6) 14... Bb7 $1 $15 15. Re1 (15. Bb5 $15) 15... Qa4 (15... Qxc3 $17 {Strongly threatening ...Rac8.} 16. Bb2 Qa5) 16. Bd3 $1 $11 g6 17. Be4 Na5 18. Bxb7 Nxb7 19. Bg5 Bxg5 20. Rb4 Qa3 21. Nxg5 {[%emt 0:01:42] Threatens to win with h5.} Qxc3 22. Rc4 Qa3 {[%emt 0:00:09] Black cannot hold the game after this.} (22... Qa5 $11 {and Black stays safe.}) 23. h5 $1 $18 {[%emt 0:02:42][%cal Og5h7] Nxh7! would be deadly.} Nc5 24. hxg6 fxg6 25. Rh4 $1 h5 {[%emt 0:00:25] [#]} 26. Rxh5 $1 $40 {[%emt 0:02:42][%mdl 128] White attacks with force.} gxh5 (26... Qb4 27. Rh6 Kg7) 27. Qxh5 Qd3 {[%emt 0:00:22] [#] Prevents Qh7+} 28. Re3 $1 Qc2 29. Rg3 Qxf2+ 30. Kh2 Qxg3+ 31. Kxg3 Rf5 32. Qg6+ Kf8 33. Nxe6+ {[%emt 0:00:13][%mdl 64] Remove Defender. Excellently played by Gong!   Weighted Error Value: White=0.06 (flawless) /Black=0.61} 1-0

[Event "Oceania Zonal Open 2023"]
[Site "Melbourne"]
[Date "2023.01.24"]
[Round "2.7"]
[White "Renjith, Sravan"]
[Black "De Vas, Saminda"]
[Result "1-0"]
[ECO "D78"]
[WhiteElo "2172"]
[BlackElo "1779"]
[Annotator "TA"]
[PlyCount "67"]
[EventDate "2023.01.09"]
[EventType "swiss"]
[EventCountry "AUS"]
[SourceTitle "playchess.com"]
[Source "ChessBase"]
[SourceQuality "1"]
[TimeControl "5400+30"]

1. d4 d5 2. Nf3 Nf6 3. g3 g6 4. Bg2 Bg7 5. O-O O-O 6. c4 c6 7. b3 Nbd7 8. Bb2 Ne4 {[%emt 0:09:54] 8...b5 is the hot move.} 9. Nfd2 Nxd2 {[%emt 0:04:13] D78: Fianchetto Grünfeld: 6 0-0 c6.} 10. Qxd2 {[%emt 0:01:24] [#]} dxc4 $146 ({Predecessor:} 10... Nb6 11. a4 Be6 12. a5 Nc8 13. a6 b6 14. Nc3 Qd7 15. cxd5 Bxd5 16. Nxd5 cxd5 17. Rfc1 {½-½ Froewis,G (2434)-Hiermann,D (2280) AUT-ch Pinkafeld 2015 (3)}) 11. bxc4 Nb6 {[%emt 0:02:04] The position is equal.} 12. Qc2 c5 ({Don't do} 12... Bxd4 13. Rd1 c5 14. e3 $16) (12... Bf5 $1 $11 13. e4 Be6) 13. dxc5 $14 Bxb2 14. Qxb2 Nxc4 15. Qc3 Na5 16. Na3 Nc6 17. Rab1 Qa5 18. Qe3 {[%emt 0:01:30] White is more active.} (18. Qxa5 $16 Nxa5 19. Rb5) 18... Qa6 {[%emt 0:08:08] [#]} (18... Qa4 $11 {remains equal.}) 19. Nb5 $1 $16 {[%emt 0:04:09] Strongly threatening Nc7. White leaves nothing to chance now.} Qa5 {[%emt 0:05:32] Repels Nc7} 20. Nc3 e6 (20... Rd8 $16) 21. Nb5 a6 22. Nd6 Qc7 (22... Qxa2 $142 23. Rfd1 (23. Nxb7 Bxb7 24. Rxb7 Rac8 $16) 23... Qa4) 23. Rb6 $18 Ra7 24. Bxc6 bxc6 {[%emt 0:00:40] Black is weak on the dark squares} 25. Rfb1 a5 26. h4 Ra6 $2 {[%emt 0:01:47] [#]} (26... Qe7 27. Rb8 Bd7) 27. h5 $1 {[%emt 0:00:30][%mdl 512] Black must now prevent Rb8.} Rxb6 28. Rxb6 {[%emt 0:00:12] Hoping for h6.} f5 $2 (28... Qe7 29. Qe5 gxh5 30. Qxh5 Bd7) 29. hxg6 hxg6 (29... Kg7 $142 30. Qf3 Kxg6 31. Rxc6 Qd7) 30. Qh6 Qd7 31. Qxg6+ Kh8 32. Rb8 {[%emt 0:00:37] Rxc8 is the strong threat.} Rg8 33. Qh6+ Qh7 34. Nf7# {[%emt 0:00:07] An entertaining game by Renjith.   Weighted Error Value: White=0.44/Black=0.84} 1-0